[Event "Titled Tuesday Blitz March 21 Early 2023"]
[White "Hambleton, Aman"]
[Black "Tari, Aryan"]
[WhiteFideId "2606577"]
[BlackFideId "1510045"]
[WhiteElo "2511"]
[BlackElo "2583"]
[Result "0-1"]
[Round "05"]
[TimeControl "180+2"]
[Date "2023.03.21"]
[WhiteClock "0:00:01"]
[BlackClock "0:00:05"]

1. d4 Nf6 2. Bf4 d5 3. e3 g6 4. c3 Bg7 5. Nf3 O-O 6. h3 b6 7. Nbd2 c5 8. Ne5 Bb7 9. Bd3 Nfd7 10. Ndf3 Nc6 11. Nxc6 Bxc6 12. O-O b5 13. Qe2 Qb6 14. Rfe1 e6 15. h4 Rfe8 16. Ne5 Nxe5 17. Bxe5 f6 18. Bd6 c4 19. Bc2 e5 20. h5 Qd8 21. Bc5 e4 22. hxg6 hxg6 23. f3 f5 24. fxe4 dxe4 25. Qf2 Bh6 26. Qg3 Kf7 27. Kf2 Qg5 28. Rh1 Qxg3+ 29. Kxg3 Bxe3 30. Rh7+ Kf6 31. Bd6 Rad8 32. Be5+ Rxe5 33. dxe5+ Kxe5 34. Re1 Bf4+ 35. Kf2 e3+ 36. Kf1 a5 37. g3 Bxg3 38. Rxe3+ Kf4 39. Re2 Bf3 40. Rh3 Bxe2+ 41. Kxe2 g5 42. Rh5 Re8+ 43. Kd1 Re1+ 44. Kd2 Rg1 45. Rh7 Rg2+ 46. Kd1 Rg1+ 47. Ke2 Rc1 48. Kd2 Ra1 49. Rf7 Rg1 50. Rxf5+ Kg4 51. Rxb5 Bf4+ 52. Ke2 Rg2+ 53. Kd1 Rd2+ 54. Ke1 Rxc2 55. a4 Kf3 56. b3 Rc1# 0-1


[Site "https://www.chess.com"]

[Event "Titled Tuesday Blitz March 21 Early 2023"]
[White "Praggnanandhaa R"]
[Black "Kosteniuk, Alexandra"]
[WhiteFideId "25059530"]
[BlackFideId "4128125"]
[WhiteElo "2623"]
[BlackElo "2453"]
[Result "1-0"]
[Round "05"]
[TimeControl "180+2"]
[Date "2023.03.21"]
[WhiteClock "0:01:07"]
[BlackClock "0:00:05"]

1. Nf3 Nf6 2. b3 b6 3. Bb2 Bb7 4. e3 e6 5. Be2 Be7 6. O-O O-O 7. c4 d5 8. d4 c5 9. Nbd2 Nc6 10. dxc5 bxc5 11. cxd5 exd5 12. Rc1 d4 13. Nc4 Qd5 14. exd4 cxd4 15. Bxd4 Nxd4 16. Qxd4 Rad8 17. Qxd5 Nxd5 18. Na5 Ba8 19. Nc6 Bxc6 20. Rxc6 a5 21. Bc4 Bb4 22. g3 Rfe8 23. Rd1 Ne7 24. Rxd8 Rxd8 25. Rc7 g6 26. Ne5 Rd2 27. a4 Nd5 28. Rd7 Nf6 29. Rxf7 1-0


[Site "https://www.chess.com"]

[Event "Titled Tuesday Blitz March 21 Early 2023"]
[White "Aradhya, Garg"]
[Black "Drygalov, Sergey"]
[WhiteFideId "25006746"]
[BlackFideId "24171743"]
[WhiteElo "2263"]
[BlackElo "2533"]
[Result "0-1"]
[Round "05"]
[TimeControl "180+2"]
[Date "2023.03.21"]
[WhiteClock "0:00:02"]
[BlackClock "0:00:25"]

1. d4 Nf6 2. c4 e6 3. Nf3 d5 4. Nc3 c6 5. e3 Nbd7 6. Nd2 Bd6 7. g3 e5 8. Bg2 e4 9. Rb1 O-O 10. b4 a6 11. Qb3 Qe7 12. O-O dxc4 13. Qxc4 Nb6 14. Qb3 Bf5 15. a4 Nbd5 16. b5 axb5 17. axb5 Qe6 18. Nc4 Bh3 19. Nxd6 Bxg2 20. Kxg2 Qxd6 21. Bd2 Qe6 22. bxc6 bxc6 23. Qc2 h5 24. h4 Qf5 25. Qd1 Ng4 26. Rc1 Rfc8 27. Qe2 Ra3 28. Nxd5 cxd5 29. Bb4 Raa8 30. Bd6 Qf3+ 31. Qxf3 exf3+ 32. Kg1 Rxc1 33. Rxc1 Ra2 34. Rf1 f6 35. Bc5 Kf7 36. e4 dxe4 37. d5 Rc2 38. Bb6 Rd2 39. Rc1 Rxd5 40. Kf1 Rd2 41. Ke1 Re2+ 42. Kf1 Ne5 43. Bd4 Nd3 44. Ra1 Kg6 45. Kg1 Re1+ 46. Rxe1 Nxe1 47. Kf1 Nd3 48. Be3 Kf5 49. Bd4 g5 50. Bc3 gxh4 51. gxh4 Ne5 52. Kg1 Kg4 53. Bb4 Kxh4 54. Be7 Kg5 55. Kh2 Ng4+ 56. Kg1 Kf5 57. Bd8 h4 58. Bc7 h3 59. Bg3 Ke6 60. Bf4 Kd5 61. Bg3 Kc4 62. Be5 fxe5 63. Kh1 e3 64. fxe3 f2 65. e4 f1=Q# 0-1


[Site "https://www.chess.com"]

[Event "Titled Tuesday Blitz March 21 Early 2023"]
[White "Csonka, Balazs"]
[Black "Babazada, Khazar"]
[WhiteFideId "742910"]
[BlackFideId "13413554"]
[WhiteElo "2404"]
[BlackElo "2364"]
[Result "1-0"]
[Round "05"]
[TimeControl "180+2"]
[Date "2023.03.21"]
[WhiteClock "0:00:03"]
[BlackClock "0:00:15"]

1. c4 c5 2. Nf3 Nf6 3. Nc3 Nc6 4. e3 g6 5. d4 cxd4 6. exd4 d5 7. cxd5 Nxd5 8. Qb3 Nxc3 9. Bc4 Nd5 10. Bxd5 e6 11. Bxc6+ bxc6 12. O-O Bg7 13. Qc3 O-O 14. b3 Ba6 15. Re1 c5 16. Qxc5 Bb7 17. Bg5 Bf6 18. Bxf6 Qxf6 19. Qe5 Qd8 20. Nd2 Qb6 21. Ne4 Bxe4 22. Rxe4 Rad8 23. Rc1 Rd5 24. Qc7 Qa6 25. Qc2 Rfd8 26. g3 h5 27. h4 Qb6 28. Qc7 Qa6 29. Rc2 R5d7 30. Qc4 Qa5 31. Kg2 Qf5 32. Rf4 Qa5 33. Qc5 Qa6 34. Qc4 Qb7+ 35. Kh2 Qb6 36. Qc5 Qb8 37. Qc4 Kg7 38. Qc5 Qb7 39. Qe5+ Kg8 40. Rd2 Qb4 41. Qe3 Rd5 42. Re4 Qd6 43. Rd3 e5 44. dxe5 Qe6 45. Rxd5 Rxd5 46. Kg2 Qc6 47. Qf3 Rd2 48. Re2 Qc2 49. Rxd2 Qxd2 50. e6 fxe6 51. Qa8+ Kf7 52. Qxa7+ Kf6 53. a4 Qd5+ 54. Kh2 Qxb3 55. Qd4+ Kf7 56. a5 Qb5 57. Qa7+ Kf6 58. a6 Qb2 59. Qe3 Kg7 60. a7 Qa2 61. Qe5+ Kh7 62. Qc7+ Kh6 63. Qf4+ Kh7 64. Qf7+ 1-0


[Site "https://www.chess.com"]

[Event "Titled Tuesday Blitz March 21 Early 2023"]
[White "Weetik, Vjacheslav"]
[Black "Durarbayli, Vasif"]
[WhiteFideId "4153472"]
[BlackFideId "13402935"]
[WhiteElo "2469"]
[BlackElo "2543"]
[Result "1-0"]
[Round "05"]
[TimeControl "180+2"]
[Date "2023.03.21"]
[WhiteClock "0:00:08"]
[BlackClock "0:00:01"]

1. d4 Nf6 2. c4 e6 3. g3 c5 4. d5 exd5 5. cxd5 d6 6. Nc3 g6 7. Nf3 Bg7 8. Bg2 O-O 9. O-O Re8 10. Bf4 h6 11. Re1 g5 12. Bc1 Bf5 13. Nd2 Na6 14. e4 Bg4 15. f3 Bh5 16. Nc4 Nc7 17. a4 Rb8 18. g4 Bg6 19. Be3 b5 20. axb5 Nxb5 21. Na5 Nxc3 22. bxc3 Rb2 23. Nc4 Rb7 24. Ra6 Rd7 25. Bf2 h5 26. h3 Nh7 27. Bg3 Bf8 28. Qa4 hxg4 29. hxg4 Nf6 30. Rxa7 Rxa7 31. Qxa7 Re7 32. Qb6 Qxb6 33. Nxb6 Rb7 34. Nc4 Ne8 35. e5 dxe5 36. Bxe5 f6 37. Bg3 Bf7 38. f4 Rb3 39. fxg5 Rxc3 40. Ne3 fxg5 41. Be5 Rd3 42. Nf5 Bxd5 43. Bf1 Rd2 44. Bc3 1-0


[Site "https://www.chess.com"]

[Event "Titled Tuesday Blitz March 21 Early 2023"]
[White "Dehtiarov, Roman"]
[Black "Dardha, Daniel"]
[WhiteFideId "14186640"]
[BlackFideId "240990"]
[WhiteElo "2162"]
[BlackElo "2581"]
[Result "0-1"]
[Round "05"]
[TimeControl "180+2"]
[Date "2023.03.21"]
[WhiteClock "0:00:05"]
[BlackClock "0:00:33"]

1. c4 b6 2. Nc3 Bb7 3. e4 e5 4. g3 f5 5. d3 Bb4 6. Bg2 Nf6 7. Bg5 Bxc3+ 8. bxc3 fxe4 9. Bxe4 Bxe4 10. dxe4 Nc6 11. Ne2 O-O 12. O-O Qe8 13. f3 d6 14. Qd2 Na5 15. Qd3 Qc6 16. Bxf6 Rxf6 17. Qd5+ Kh8 18. Rab1 Raf8 19. Qxc6 Nxc6 20. Kg2 Na5 21. Rb4 Nb7 22. Nc1 Nc5 23. Rb2 Nxe4 24. a4 Nxc3 25. a5 Na4 26. Ra2 Nc5 27. axb6 axb6 28. Ra7 R6f7 29. Ne2 h6 30. Nc3 c6 31. Rxf7 Rxf7 32. Rb1 Rb7 33. Rd1 Rd7 34. Rb1 Kg8 35. Rxb6 Rc7 36. Kf2 Kf7 37. Ke3 Ke7 38. Rb8 Ra7 39. Rg8 Ne6 40. Kd2 Rb7 41. Ra8 Rb4 42. Kd3 Nc5+ 43. Kd2 Rxc4 44. Ra7+ Kf6 45. Rc7 Ne6 46. Rc8 d5 47. Kd3 Kf7 48. Kd2 Nc5 49. Rc7+ Kf8 50. Rc8+ Ke7 51. Ne2 Ne6 52. Nc3 Kd7 53. Ra8 Rb4 54. Rg8 Rb7 55. f4 exf4 56. gxf4 Kd6 57. f5 Nd4 58. f6 gxf6 59. Rg6 Ke5 60. Rxh6 Ra7 61. Kd3 Ne6 62. Rh5+ f5 63. h4 Nf4+ 64. Ke3 Nxh5 0-1


[Site "https://www.chess.com"]

[Event "Titled Tuesday Blitz March 21 Early 2023"]
[White "Chigaev, Maksim"]
[Black "Hernandez Gonzalez, William"]
[WhiteFideId "4108116"]
[BlackFideId "3509915"]
[WhiteElo "2547"]
[BlackElo "2374"]
[Result "1-0"]
[Round "05"]
[TimeControl "180+2"]
[Date "2023.03.21"]
[WhiteClock "0:00:39"]
[BlackClock "0:00:38"]

1. Nf3 Nf6 2. c4 c5 3. b3 g6 4. Bb2 Bg7 5. g3 b6 6. Bg2 Bb7 7. O-O O-O 8. d4 cxd4 9. Qxd4 d6 10. Nc3 Ne4 11. Qd3 Nxc3 12. Bxc3 Bxc3 13. Qxc3 Nd7 14. Rfd1 Nf6 15. Qe3 Kg7 16. Rac1 Qc7 17. Bh3 Qc6 18. Bg2 Qc7 19. Nd4 Bxg2 20. Kxg2 Rfd8 21. Nb5 Qd7 22. Qd4 Kg8 23. e4 Rac8 24. a4 Ng4 25. f3 Ne5 26. Nc3 Nc6 27. Qe3 Nb4 28. h4 h5 29. Rd2 Na6 30. Rcd1 Qe6 31. Nb5 Ra8 32. Nd4 Qc8 33. Qg5 Nc5 34. Qxe7 Qa6 35. Qf6 Qa5 36. Nc6 1-0


[Site "https://www.chess.com"]

[Event "Titled Tuesday Blitz March 21 Early 2023"]
[White "Bolourchifard, Farzad"]
[Black "Nogerbek, Kazybek"]
[WhiteFideId "12510084"]
[BlackFideId "13710427"]
[WhiteElo "2317"]
[BlackElo "2501"]
[Result "1-0"]
[Round "05"]
[TimeControl "180+2"]
[Date "2023.03.21"]
[WhiteClock "0:00:16"]
[BlackClock "0:00:01"]

1. e4 g6 2. Nc3 Nf6 3. d4 d5 4. e5 Ne4 5. Bd3 Nxc3 6. bxc3 c5 7. h4 h5 8. Nf3 Bg4 9. Bg5 Nc6 10. Bb5 Qa5 11. Bxc6+ bxc6 12. Qd3 Bxf3 13. Qxf3 cxd4 14. Bd2 e6 15. cxd4 Qb5 16. Qf6 Rg8 17. Rh3 Be7 18. Qf4 c5 19. Rb3 Qc4 20. c3 g5 21. Qf3 cxd4 22. Rab1 Rd8 23. hxg5 dxc3 24. Qxc3 Qe4+ 25. Kf1 h4 26. Rb7 Kf8 27. Re1 Qc4+ 28. Qxc4 dxc4 29. Ba5 Rd5 30. Bc3 Rxg5 31. Rb8+ Kg7 32. Re4 Rf5 33. Rg4+ Kh7 34. Rb7 Bc5 35. f3 Rd3 36. Rxh4+ Kg7 37. Rg4+ Kh7 38. Rxc4 Be3 39. Ke2 Rxc3 40. Rxc3 Bd4 41. Rc4 Rxe5+ 42. Kf1 Bb6 43. Rxf7+ Kg6 44. Rff4 Ra5 45. a4 Rd5 46. Rg4+ Kf6 47. Rcf4+ Ke7 48. Re4 Kd6 49. Rg6 Rd2 50. Rgxe6+ Kd5 51. R4e5+ Kc4 52. Re4+ Kb3 53. Rxb6+ axb6 54. g4 b5 55. axb5 1-0


[Site "https://www.chess.com"]

[Event "Titled Tuesday Blitz March 21 Early 2023"]
[White "Costachi, Mihnea"]
[Black "Mindlin, Alon"]
[WhiteFideId "1217518"]
[BlackFideId "2800071"]
[WhiteElo "2456"]
[BlackElo "2430"]
[Result "1-0"]
[Round "05"]
[TimeControl "180+2"]
[Date "2023.03.21"]
[WhiteClock "0:00:52"]
[BlackClock "0:00:05"]

1. Nc3 Nf6 2. e4 e5 3. Bc4 c6 4. Nf3 d5 5. exd5 cxd5 6. Bb5+ Bd7 7. Nxe5 Bxb5 8. Nxb5 a6 9. Nd4 Bd6 10. Ndf3 O-O 11. O-O Nc6 12. Nxc6 bxc6 13. d3 h6 14. b3 Nh5 15. Bb2 Nf4 16. g3 Ne6 17. Nd4 c5 18. Nf5 Kh7 19. Qg4 g6 20. Nxh6 f5 21. Qe2 Nd4 22. Bxd4 cxd4 23. Qd2 g5 24. Rae1 Kxh6 25. Re6+ Rf6 26. Rfe1 Rxe6 27. Rxe6+ Kg7 28. c4 dxc3 29. Qxc3+ Kf7 30. Rh6 Rc8 31. Rh7+ Ke6 32. Qe1+ Kf6 33. Rh6+ Kg7 34. Qe6 Qe8 35. Qf6+ 1-0


[Site "https://www.chess.com"]

[Event "Titled Tuesday Blitz March 21 Early 2023"]
[White "Svane, Frederik"]
[Black "Skvortsov, Andrei"]
[WhiteFideId "12923044"]
[BlackFideId "24108600"]
[WhiteElo "2502"]
[BlackElo "2259"]
[Result "1/2-1/2"]
[Round "05"]
[TimeControl "180+2"]
[Date "2023.03.21"]
[WhiteClock "0:00:07"]
[BlackClock "0:00:08"]

1. b3 e5 2. Bb2 Nc6 3. e3 Nge7 4. c4 d5 5. cxd5 Nxd5 6. a3 a6 7. Qc2 Be6 8. Nf3 Bd6 9. Nc3 Nxc3 10. Bxc3 Qe7 11. Bd3 Bd5 12. Be4 Bxe4 13. Qxe4 O-O 14. b4 f5 15. Qc4+ Kh8 16. e4 fxe4 17. Qxe4 Rf4 18. Qe2 e4 19. Nd4 Ne5 20. O-O Raf8 21. Rae1 Rh4 22. g3 Qg5 23. f4 exf3 24. Nxf3 Nxf3+ 25. Rxf3 Rhf4 26. Rxf4 Bxf4 27. Rf1 Bd6 28. Rxf8+ Bxf8 29. Qe8 Qe7 30. Qh5 c6 31. Kg2 Kg8 32. Qf3 Qf7 33. Qe4 g6 34. a4 Qd5 35. Kf3 Kf7 36. g4 Bd6 37. h3 Qxe4+ 38. Kxe4 Ke6 39. d3 h5 40. gxh5 gxh5 41. Bd2 Be7 42. Kf4 Bf6 43. Ke4 Be7 44. Bc3 Bg5 45. Be1 b5 46. axb5 axb5 47. Kd4 Be7 48. Ke4 Bg5 49. Bf2 Be7 50. Be1 Bf6 51. Bd2 Be7 52. Bc3 Bd6 53. d4 Be7 54. Be1 Bd6 55. Bd2 Be7 56. Bc3 Bd6 57. Be1 Be7 58. Bd2 Bd6 59. Be1 Be7 60. Bc3 Bd6 61. Bd2 Be7 62. Be1 Bd6 63. Bc3 Be7 64. Bd2 Bd6 65. Be1 1/2-1/2


[Site "https://www.chess.com"]

[Event "Titled Tuesday Blitz March 21 Early 2023"]
[White "Yeletsky, Ivan"]
[Black "Manukyan, Sargis A."]
[WhiteFideId "24180327"]
[BlackFideId "13303970"]
[WhiteElo "2414"]
[BlackElo "2187"]
[Result "1-0"]
[Round "05"]
[TimeControl "180+2"]
[Date "2023.03.21"]
[WhiteClock "0:00:58"]
[BlackClock "0:01:00"]

1. d4 d5 2. c4 e6 3. Nc3 Nf6 4. Bg5 Be7 5. e3 O-O 6. Nf3 h6 7. Bh4 b6 8. Be2 dxc4 9. Bxc4 Bb7 10. O-O Nbd7 11. Qe2 Nd5 12. Bg3 c5 13. Rfd1 Nxc3 14. bxc3 Qc8 15. a4 Rd8 16. a5 Bf6 17. h3 bxa5 18. Rxa5 cxd4 19. cxd4 Nb6 20. Ba6 Bxa6 21. Qxa6 Qxa6 22. Rxa6 Rd7 23. Rda1 Nd5 24. Kh2 Nb4 25. R6a4 Nc6 26. Rc4 Ne7 27. Be5 Bxe5+ 28. Nxe5 Rb7 29. Rca4 f6 30. Nc4 Nd5 31. Nd6 Rb6 32. Ne4 a6 33. Nc5 Nc7 34. R1a2 Kf7 35. Rc4 Rc6 36. Rb4 Ra7 37. Ra5 e5 38. dxe5 fxe5 39. Nd3 Rc2 40. Nxe5+ Ke6 41. Nd3 Nd5 42. Re4+ Kf5 43. Re5+ Kf6 44. Rexd5 Kg6 45. Rd6+ Kh7 46. Raxa6 Rb7 47. Rab6 Rbc7 48. h4 h5 49. Rd5 g6 50. Rdd6 Rd2 51. Kg3 Rcc2 52. Rd7+ Kh6 53. Ne5 Rc6 54. Rxc6 Rd6 55. Rdxd6 1-0


[Site "https://www.chess.com"]

[Event "Titled Tuesday Blitz March 21 Early 2023"]
[White "Perez Gormaz, Matias"]
[Black "Kravtsiv, Martyn"]
[WhiteFideId "3406342"]
[BlackFideId "14113147"]
[WhiteElo "2362"]
[BlackElo "2695"]
[Result "0-1"]
[Round "05"]
[TimeControl "180+2"]
[Date "2023.03.21"]
[WhiteClock "0:00:02"]
[BlackClock "0:00:02"]

1. e4 e5 2. Nf3 Nc6 3. Bb5 Nf6 4. d3 Bc5 5. c3 O-O 6. Bg5 h6 7. Bh4 d6 8. Nbd2 Kh7 9. O-O Ne7 10. d4 exd4 11. cxd4 Bb6 12. Bxf6 gxf6 13. Bd3 Ng6 14. g3 Rg8 15. Kh1 Bg4 16. Ng5+ fxg5 17. Qxg4 Bxd4 18. Qf5 Qf6 19. Nf3 Kg7 20. Bc4 Bb6 21. Kg2 Rae8 22. Qd5 c6 23. Qd3 g4 24. Nd2 h5 25. f4 gxf3+ 26. Rxf3 Qxb2 27. Rxf7+ Kh6 28. Rb1 Qe5 29. Rxb6 Nf4+ 30. Rxf4 Qxf4 31. Rxb7 Ref8 32. Bxg8 Qf2+ 33. Kh3 Rxg8 34. e5 Rg6 35. exd6 h4 36. Nf3 hxg3 37. Nh4 Qxh2# 0-1


[Site "https://www.chess.com"]

[Event "Titled Tuesday Blitz March 21 Early 2023"]
[White "Domingo Nunez, Ruben"]
[Black "Gharibyan, Mamikon"]
[WhiteFideId "22245570"]
[BlackFideId "13308300"]
[WhiteElo "2404"]
[BlackElo "2445"]
[Result "0-1"]
[Round "05"]
[TimeControl "180+2"]
[Date "2023.03.21"]
[WhiteClock "0:01:20"]
[BlackClock "0:01:02"]

1. b3 g6 2. Bb2 Nf6 3. Nf3 Bg7 4. g3 O-O 5. Bg2 d6 6. d4 Nc6 7. O-O a5 8. Nc3 Bf5 9. Nh4 Bd7 10. d5 Nb4 11. a3 Na6 12. e4 c6 13. Re1 Nc5 14. Rb1 Rc8 15. h3 b5 16. e5 dxe5 17. dxc6 Bxc6 18. Bxc6 Rxc6 19. Rxe5 Qc8 20. Kh2 Ng4+ 21. hxg4 Bxe5 22. Nxb5 Bxb2 23. Rxb2 Rd8 24. Qe2 Re6 25. Qc4 Rd2 26. b4 axb4 27. axb4 Rxf2+ 28. Kg1 Re1+ 29. Kxf2 Ne4+ 30. Kxe1 Qxc4 0-1


[Site "https://www.chess.com"]

[Event "Titled Tuesday Blitz March 21 Early 2023"]
[White "Perez Ponsa, Federico"]
[Black "Filgueira, Hernan"]
[WhiteFideId "117927"]
[BlackFideId "101770"]
[WhiteElo "2592"]
[BlackElo "2363"]
[Result "1-0"]
[Round "05"]
[TimeControl "180+2"]
[Date "2023.03.21"]
[WhiteClock "0:01:15"]
[BlackClock "0:00:05"]

1. d4 d5 2. Nf3 Nf6 3. Bf4 c5 4. e3 cxd4 5. exd4 Nc6 6. c3 Bg4 7. Qb3 Qc8 8. Nbd2 e6 9. Bd3 Be7 10. O-O O-O 11. Rae1 Bh5 12. Ne5 Nxe5 13. Bxe5 Bg6 14. Qc2 b5 15. f4 b4 16. f5 exf5 17. Bxf5 Qb7 18. Bxg6 hxg6 19. c4 dxc4 20. Nxc4 Rac8 21. b3 Rfd8 22. Qe2 Nd5 23. h3 Bf8 24. Qf3 f6 25. Bg3 Qf7 26. Ne5 Qe8 27. Nc4 Qf7 28. Kh2 Nb6 29. Ne5 Qe8 30. Nd3 Qc6 31. Qg4 g5 32. Re6 Qd5 33. Re4 Rc2 34. Rf5 Qd7 35. Nc5 Qf7 36. Ne6 1-0


[Site "https://www.chess.com"]

[Event "Titled Tuesday Blitz March 21 Early 2023"]
[White "Safin, Robert"]
[Black "Kobo, Ori"]
[WhiteFideId "34189120"]
[BlackFideId "2812320"]
[WhiteElo "2245"]
[BlackElo "2447"]
[Result "0-1"]
[Round "05"]
[TimeControl "180+2"]
[Date "2023.03.21"]
[WhiteClock "0:00:01"]
[BlackClock "0:00:17"]

1. e4 c5 2. c3 d5 3. exd5 Nf6 4. Nf3 Nxd5 5. d4 e6 6. Bd3 cxd4 7. Nxd4 Be7 8. O-O O-O 9. Nd2 b6 10. N2f3 Bb7 11. Qe2 Nd7 12. Re1 Nc5 13. Bc2 Ba6 14. c4 Qc7 15. b3 Nf4 16. Qe3 Ng6 17. Bb2 Bf6 18. Rad1 Rad8 19. Bc3 Rfe8 20. Nb5 Bxb5 21. Bxf6 gxf6 22. cxb5 Kg7 23. g3 Nb7 24. Bb1 Qc5 25. Nd4 Rc8 26. a4 Qh5 27. Nc6 Rc7 28. h4 Nc5 29. Qc3 a6 30. Rd4 axb5 31. axb5 Nd7 32. Qb4 Nde5 33. Rde4 Nxc6 34. bxc6 Rxc6 0-1


[Site "https://www.chess.com"]

[Event "Titled Tuesday Blitz March 21 Early 2023"]
[White "Taboas Rodriguez, Daniel"]
[Black "Ohanyan, Emin"]
[WhiteFideId "2208466"]
[BlackFideId "13312022"]
[WhiteElo "2365"]
[BlackElo "2402"]
[Result "1-0"]
[Round "05"]
[TimeControl "180+2"]
[Date "2023.03.21"]
[WhiteClock "0:01:43"]
[BlackClock "0:01:27"]

1. d4 d5 2. c4 c6 3. cxd5 cxd5 4. Nc3 Nf6 5. Bf4 Nc6 6. e3 Bf5 7. Nf3 e6 8. Qb3 Bb4 9. Bb5 Qa5 10. O-O O-O 11. Bxc6 bxc6 12. Bc7 Qxc7 13. Qxb4 a5 14. Qa3 Qb6 15. Rfc1 Qb4 16. Ne5 Rfc8 17. Na4 Rab8 18. Qxb4 Rxb4 19. Nxc6 Rxc6 20. Rxc6 e5 21. dxe5 Ng4 22. b3 Nxe5 23. Rc5 Be6 24. Rxa5 h5 25. Rd1 Rg4 26. Nc3 h4 27. h3 Rg6 28. Kf1 1-0


[Site "https://www.chess.com"]

[Event "Titled Tuesday Blitz March 21 Early 2023"]
[White "Kukhmazov, Arsen"]
[Black "Lukiyanchuk, Vladislav"]
[WhiteFideId "24108260"]
[BlackFideId "14127113"]
[WhiteElo "2378"]
[BlackElo "2345"]
[Result "1-0"]
[Round "05"]
[TimeControl "180+2"]
[Date "2023.03.21"]
[WhiteClock "0:00:41"]
[BlackClock "0:00:04"]

1. d4 Nf6 2. c4 Nc6 3. Nf3 d5 4. e3 Bg4 5. Nc3 e6 6. Bd3 Be7 7. O-O O-O 8. h3 Bh5 9. b3 Nb4 10. Be2 c5 11. dxc5 Bxc5 12. a3 Nc6 13. b4 Bd6 14. cxd5 exd5 15. Bb2 Re8 16. Nb5 Bb8 17. Bxf6 Qxf6 18. Qxd5 Bg6 19. Rac1 a6 20. Nc3 Ba7 21. Qg5 Qe6 22. Rfd1 Rac8 23. Qd5 Qf6 24. Qg5 Qe6 25. Nd5 h6 26. Qh4 Be4 27. Nf4 Qf5 28. Nd2 g5 29. Qg3 Bc2 30. Re1 Ne5 31. Nh5 Qg6 32. Kh1 Bb8 33. f4 Nd3 34. Bxd3 Bxd3 35. Qf3 Rcd8 36. Ng3 Qd6 37. Nde4 Qg6 38. f5 Qb6 39. Rcd1 Bxg3 40. Nxg3 Rd7 41. e4 Red8 42. e5 Bc4 43. Rxd7 Rxd7 44. Nh5 Rd2 45. e6 Bd5 46. Nf6+ Kg7 47. Nxd5 Qd4 48. f6+ Kg6 49. e7 Qh4 1-0


[Site "https://www.chess.com"]

[Event "Titled Tuesday Blitz March 21 Early 2023"]
[White "Sokac, Marko"]
[Black "Urazayev, Arystanbek"]
[WhiteFideId "14531356"]
[BlackFideId "13709810"]
[WhiteElo "2355"]
[BlackElo "2479"]
[Result "0-1"]
[Round "05"]
[TimeControl "180+2"]
[Date "2023.03.21"]
[WhiteClock "0:00:50"]
[BlackClock "0:00:26"]

1. e4 e5 2. Nc3 Nc6 3. Bc4 Nf6 4. d3 Bb4 5. Ne2 d5 6. exd5 Nxd5 7. O-O Be6 8. f4 Nxc3 9. bxc3 Bc5+ 10. Kh1 Bxc4 11. dxc4 Qxd1 12. Rxd1 Rd8 13. Rd5 Bd6 14. fxe5 Bxe5 15. Ba3 f6 16. Rad1 Kf7 17. Nd4 Nxd4 18. cxd4 c6 19. Rxd8 Rxd8 20. c3 Bc7 21. g3 Re8 22. Rd2 Ke6 23. Kg2 Kd7 24. Kf3 Re1 25. Bf8 g6 26. Bg7 f5 27. d5 c5 28. d6 Bxd6 29. Bf8 Re6 30. Rxd6+ Rxd6 31. Bxd6 Kxd6 32. Kf4 h6 33. h3 Ke6 34. h4 Kf6 35. Kf3 g5 36. Ke3 Ke5 37. Kf3 gxh4 38. gxh4 h5 39. Ke3 f4+ 40. Kf3 Kf5 0-1


[Site "https://www.chess.com"]

[Event "Titled Tuesday Blitz March 21 Early 2023"]
[White "Derjabin, Ilja"]
[Black "Mekhitarian, Krikor Sevag"]
[WhiteFideId "14104768"]
[BlackFideId "2107660"]
[WhiteElo "2309"]
[BlackElo "2604"]
[Result "0-1"]
[Round "05"]
[TimeControl "180+2"]
[Date "2023.03.21"]
[WhiteClock "0:00:04"]
[BlackClock "0:00:17"]

1. d4 Nf6 2. c4 g6 3. Nc3 d5 4. Bg5 Bg7 5. Nf3 dxc4 6. e3 Be6 7. Ne5 Nd5 8. Nxc4 c5 9. Qb3 Nxc3 10. bxc3 Qc8 11. Qa3 Nd7 12. Rd1 h6 13. d5 Bf5 14. Bh4 g5 15. Bg3 O-O 16. h4 g4 17. Bd3 Nf6 18. d6 Bxd3 19. Rxd3 Qf5 20. Rd1 Ne4 21. dxe7 Bxc3+ 22. Ke2 Rfe8 23. Nd6 Nxg3+ 24. fxg3 Qc2+ 25. Kf1 Qxd1+ 26. Kf2 Qd2+ 27. Kg1 Qxd6 0-1


[Site "https://www.chess.com"]

[Event "Titled Tuesday Blitz March 21 Early 2023"]
[White "Kuzmin, Roman"]
[Black "Flores, Diego"]
[WhiteFideId "44134932"]
[BlackFideId "108049"]
[WhiteElo "2146"]
[BlackElo "2606"]
[Result "0-1"]
[Round "05"]
[TimeControl "180+2"]
[Date "2023.03.21"]
[WhiteClock "0:02:01"]
[BlackClock "0:01:23"]

1. e4 c5 2. Nf3 e6 3. d4 cxd4 4. Nxd4 a6 5. Bd3 Bc5 6. Nb3 Be7 7. Qg4 g6 8. Qe2 d6 9. O-O Nd7 10. a4 Ne5 11. f4 Nxd3 12. Qxd3 Nf6 13. Be3 O-O 14. a5 Bd7 15. N1d2 Bc6 16. Rae1 Rc8 17. f5 gxf5 18. exf5 e5 19. Bh6 Kh8 20. Bxf8 Qxf8 21. Re3 Nh5 22. Rh3 Qg7 23. g3 Qg4 24. Rh4 Bxh4 0-1


[Site "https://www.chess.com"]

[Event "Titled Tuesday Blitz March 21 Early 2023"]
[White "Carlsen, Magnus"]
[Black "Klepikov, Nikita"]
[WhiteFideId "1503014"]
[BlackFideId "24145220"]
[WhiteElo "2852"]
[BlackElo "2025"]
[Result "1-0"]
[Round "05"]
[TimeControl "180+2"]
[Date "2023.03.21"]
[WhiteClock "0:02:02"]
[BlackClock "0:00:14"]

1. c4 e5 2. g3 Nf6 3. Bg2 Nc6 4. Nc3 Bc5 5. e3 d5 6. cxd5 Nb4 7. d3 Nbxd5 8. Nxd5 Nxd5 9. Nf3 Bg4 10. Qa4+ Bd7 11. Qc4 Bb4+ 12. Bd2 Bxd2+ 13. Nxd2 Bc6 14. O-O O-O 15. Rac1 Nb6 16. Qb3 Bxg2 17. Kxg2 c6 18. Nf3 Qd6 19. a4 a5 20. Qxb6 1-0


[Site "https://www.chess.com"]

[Event "Titled Tuesday Blitz March 21 Early 2023"]
[White "Vaishali, Rameshbabu"]
[Black "Fedoseev, Vladimir"]
[WhiteFideId "5091756"]
[BlackFideId "24130737"]
[WhiteElo "2410"]
[BlackElo "2752"]
[Result "0-1"]
[Round "05"]
[TimeControl "180+2"]
[Date "2023.03.21"]
[WhiteClock "0:00:03"]
[BlackClock "0:00:15"]

1. e4 c6 2. d4 d5 3. e5 Bf5 4. h4 h5 5. Bd3 Bxd3 6. Qxd3 e6 7. Nf3 c5 8. c4 cxd4 9. cxd5 Qxd5 10. Qxd4 Qxd4 11. Nxd4 a6 12. Nc3 Bb4 13. Bd2 Bxc3 14. Bxc3 Ne7 15. Rh3 Nd7 16. Rg3 g6 17. Rd1 Rc8 18. Nf3 Nf5 19. Rh3 Nb6 20. Ng5 Rc4 21. Rd8+ Kxd8 22. Nxf7+ Ke8 23. Nxh8 Ne7 24. Rf3 Nbd5 25. Nf7 Rxh4 26. Nd6+ Kd7 27. Nxb7 Rc4 28. Nd6 Ra4 29. a3 Nf5 30. g3 Nxd6 31. exd6 Kxd6 32. Bd2 Re4+ 33. Kf1 Rd4 34. Ba5 g5 35. Kg2 h4 36. gxh4 gxh4 37. Bd8 Kd7 38. Rf8 Nf4+ 39. Kh2 e5 40. Rg8 Nd3 41. Bf6 Rf4 42. Bg5 Rxf2+ 43. Kh3 Rxb2 44. Kxh4 Nc5 45. Rg6 Ne6 46. Bf6 Re2 47. Rg7+ Nxg7 48. Bxg7 Ke6 49. Kg5 Ra2 50. Kh6 0-1


[Site "https://www.chess.com"]

[Event "Titled Tuesday Blitz March 21 Early 2023"]
[White "Yilmaz, Mustafa"]
[Black "Fernandez Guillen, Ernesto J."]
[WhiteFideId "6302718"]
[BlackFideId "3512428"]
[WhiteElo "2523"]
[BlackElo "2423"]
[Result "1-0"]
[Round "05"]
[TimeControl "180+2"]
[Date "2023.03.21"]
[WhiteClock "0:00:17"]
[BlackClock "0:00:13"]

1. c4 e5 2. Nc3 Nc6 3. Nf3 f5 4. d3 Nf6 5. g3 d6 6. Bg2 g6 7. O-O Bg7 8. Rb1 O-O 9. b4 h6 10. b5 Ne7 11. a4 g5 12. a5 Rb8 13. Ba3 b6 14. axb6 axb6 15. Nd2 g4 16. Bb2 h5 17. Ra1 h4 18. Ra7 Be6 19. Qb3 f4 20. Nde4 Nxe4 21. Bxe4 fxg3 22. hxg3 hxg3 23. fxg3 Rxf1+ 24. Kxf1 Qf8+ 25. Kg2 Qf7 26. Qd1 Rf8 27. Qg1 Qh5 28. Qh1 Qh3+ 29. Qxh3 gxh3+ 30. Kh2 Bh6 31. Ra8 Bc8 32. Ra1 Rf2+ 33. Kh1 Kg7 34. Bf3 Nf5 35. Ne4 Bb7 36. Nxf2 Bxf3+ 37. exf3 Nxg3+ 38. Kh2 Ne2 39. Nxh3 Be3 40. Ra7 1-0


[Site "https://www.chess.com"]